 Dungeon Crawl Stone Soup version 0.16.1-51-g6203257 (webtiles) character file.

900 teebee the Fighter (level 8, 0/75 HPs)
             Began as a Hill Orc Fighter on July 30, 2015.
             Slain by an iguana (1 damage)
             ... on level 7 of the Dungeon.
             The game lasted 00:16:48 (3567 turns).

teebee the Fighter (Hill Orc Fighter)               Turns: 3567, Time: 00:16:48

Health: 0/75       AC:  6    Str: 20    XL:     8   Next: 7%
Magic:  8/8        EV: 10    Int:  8    God:
Gold:   57         SH:  0    Dex: 14    Spells: 0 memorised, 7 levels left

rFire  . . .     SeeInvis .     J - +1 long sword (drain)
rCold  . . .     Clarity  .     b - +0 scale mail
rNeg   . . .     SustAb   +     (no shield)
rPois  .         Gourm    .     (no helmet)
rElec  .         Spirit   .     (no cloak)
rCorr  .         Warding  .     (no gloves)
rMut   .         Stasis   .     (no boots)
MR     .....                    (no amulet)
Stlth  ..........               I - +3 ring of dexterity
                                z - ring of sustain abilities

@: very slightly contaminated, not resistant to hostile enchantments, extremely
unstealthy
A: no striking features
a: no special abilities


You were on level 7 of the Dungeon.
You were not hungry.

You visited 1 branch of the dungeon, and saw 7 of its levels.

You collected 190 gold pieces.
You spent 133 gold pieces at shops.

Inventory:

Hand weapons
 a - a +0 long sword
 n - a cursed -1 short sword
 q - a +0 shortbow
 G - a +0 flail of protection
 J - a +1 long sword of draining (weapon)
Missiles
 t - 6 javelins (quivered)
 K - 10 arrows of flame
 M - 17 arrows
Armour
 b - a +0 scale mail (worn)
 c - a +0 shield
 E - a +0 pair of boots
Jewellery
 m - an uncursed amulet of stasis
 z - a ring of sustain abilities (left hand)
 F - an uncursed amulet of resist corrosion
 I - a +3 ring of dexterity (right hand)
Scrolls
 g - 2 scrolls of identify
 j - 2 scrolls of teleportation {unknown}
 k - a scroll of magic mapping {unknown}
 r - a scroll of fear {unknown}
 s - 2 scrolls of enchant weapon {unknown}
 w - 3 scrolls of remove curse
 x - a scroll of recharging {unknown}
 y - a scroll of fog {unknown}
 B - a scroll of amnesia {unknown}
 D - a scroll of immolation {unknown}
 H - a scroll of noise {unknown}
Potions
 e - 3 potions of might
 f - 3 potions of haste
 h - a potion of invisibility {unknown}
 i - a potion of curing
 l - 2 potions of cure mutation {unknown}
 u - a potion of poison {unknown}
 v - a potion of restore abilities {unknown}
 N - a potion of magic {unknown}
Comestibles
 d - 3 meat rations
 o - 2 slices of pizza
 p - 2 royal jellies
 A - 2 bread rations
 C - a beef jerky
 L - 5 chunks of flesh


   Skills:
 * Level 8.3 Fighting
 * Level 6.7 Long Blades
 + Level 0.8 Bows
 - Level 3.2 Armour
 - Level 0.8 Dodging
 - Level 0.8 Stealth
 - Level 3.2 Shields


You had 7 spell levels left.
You didn't know any spells.

Dungeon Overview and Level Annotations

Branches:
Dungeon (7/15)
 Temple: D:4-7

Altars:
Cheibriados
Fedhas
Makhleb
Nemelex Xobeh
Trog
Yredelemnul

Shops:
D:4 (

Annotations:
D:6 Sigmund


Message History

You hit the worker ant.
The worker ant is moderately wounded.
The worker ant barely misses you.
You hit the worker ant.
The worker ant is moderately wounded.
The worker ant bites you but does no damage.
The worker ant completely misses you.
You hit the worker ant. You drain the worker ant!
The worker ant is severely wounded.
The worker ant bites you but does no damage.
The iguana barely misses you.
Your scale mail prevents you from hitting the worker ant.
The worker ant is severely wounded.
The worker ant bites you but does no damage.
The iguana bites you!
* * * LOW HITPOINT WARNING * * *
You hit the worker ant. You drain the worker ant!
You kill the worker ant!
The iguana bites you.
You die...

... #.....##
##......##
#........##
#...........
#...........
#...........
#...........
#@lZ.....#
#..?.....#
##......#
......#
###...# #..
#


You could see an iguana and a quokka skeleton.

Vanquished Creatures
  2 ice beasts (D:5)
  An ogre (D:6)
  A centaur (D:4)
  A crimson imp (D:5)
  3 orc priests
  2 hounds (D:4)
  A giant frog skeleton (D:5)
  2 orc wizards
  A centaur skeleton (D:4)
  An iguana (D:4)
  A worker ant (D:7)
  3 gnolls (D:5)
  4 adders
  A giant mite (D:3)
  5 worms
  A giant gecko (D:5)
  4 oozes
  12 orcs
  A bat zombie (D:5)
  3 hobgoblins
  3 jackals (D:3)
  2 quokkas
  A ball python (D:2)
  7 bats
  2 giant cockroaches
  3 giant newts
  10 goblins
  10 kobolds
  5 rats
93 creatures vanquished.

Vanquished Creatures (others)
  A bush (D:4)
1 creature vanquished.

Grand Total: 94 creatures vanquished

Notes
Turn   | Place    | Note
--------------------------------------------------------------
     0 | D:1      | teebee, the Hill Orc Fighter, began the quest for the Orb.
     0 | D:1      | Reached XP level 1. HP: 19/19 MP: 1/1
   293 | D:1      | Reached skill level 4 in Fighting
   293 | D:1      | Reached XP level 2. HP: 27/27 MP: 2/2
  1052 | D:2      | Reached XP level 3. HP: 31/34 MP: 3/3
  1147 | D:2      | Reached skill level 5 in Fighting
  1548 | D:2      | Reached XP level 4. HP: 22/42 MP: 4/4
  2214 | D:3      | Found a basalt altar of Yredelemnul.
  2218 | D:3      | Found a bloodstained altar of Trog.
  2286 | D:3      | Found a snail-covered altar of Cheibriados.
  2287 | D:3      | Found a burning altar of Makhleb.
  2321 | D:3      | Found a sparkling altar of Nemelex Xobeh.
  2466 | D:4      | Reached XP level 5. HP: 44/50 MP: 5/5
  2570 | D:4      | Reached skill level 6 in Fighting
  2585 | D:4      | Found Ghopri's Weapon Emporium.
  2589 | D:4      | Bought a +1 long sword of draining for 133 gold pieces
  2624 | D:4      | HP: 2/50 [orc priest/divine providence (12)]
  2657 | D:4      | Reached XP level 6. HP: 43/58 MP: 6/6
  2868 | D:4      | Noticed a centaur
  2944 | D:4      | Found a blossoming altar of Fedhas.
  2986 | D:4      | Killed a centaur
  2986 | D:4      | Reached skill level 5 in Long Blades
  3072 | D:4      | Reached skill level 7 in Fighting
  3090 | D:5      | Entered Level 5 of the Dungeon
  3124 | D:5      | Reached XP level 7. HP: 48/66 MP: 7/7
  3218 | D:5      | HP: 3/66 [gnoll/halberd (11)]
  3484 | D:6      | Reached skill level 8 in Fighting
  3487 | D:6      | Reached XP level 8. HP: 15/74 MP: 8/8
  3540 | D:6      | Noticed Sigmund
  3553 | D:6      | HP: 2/74 [worker ant (6)]
  3566 | D:7      | HP: 1/74 [iguana (8)]
  3567 | D:7      | Slain by an iguana

Action                   |  1- 3 |  4- 6 |  7- 9 || total
-------------------------+-------+-------+-------++-------
Melee: Long sword        |   143 |   179 |    81 ||   403
 Fire: Shortbow          |       |     3 |     7 ||    10
  Use: Scroll            |       |     5 |     1 ||     6
       Potion            |       |     3 |     4 ||     7
  Eat: Chunk             |     2 |     4 |       ||     6
       Fruit             |       |     1 |       ||     1
       Meat ration       |       |     1 |       ||     1
